 Dungeon Crawl Stone Soup version 0.31.0-32-g396128a36d (webtiles) character file.

Game seed: 18165698227372150424

4330 Peloso the Carver (level 10, -6/90 HPs)
             Began as a Minotaur Fighter on Mar 30, 2024.
             Was a Priest of Okawaru.
             Mangled by a death yak (19 damage)
             ... on level 8 of the Dungeon.
             The game lasted 00:12:49 (6879 turns).

Peloso the Carver (Minotaur Fighter)                Turns: 6879, Time: 00:12:49

Health: -6/90      AC: 15    Str: 20    XL:     10   Next: 12%
Magic:  7/9        EV:  7    Int:  5    God:    Okawaru [***...]
Gold:   395        SH:  6    Dex: 15    Spells: 9/9 levels left

rFire   . . .        a - +4 scimitar
rCold   . . .        d - +0 buckler
rNeg    . . .        B - +0 plate armour
rPois   .            (helmet restricted)
rElec   .            (no cloak)
rCorr   .            u - +0 pair of gloves
SInv    .            (no boots)
Will    .....        (no amulet) Stlth
                     (no ring)
HPRegen 0.35/turn    (no ring)
MPRegen 0.11/turn

%: no passive effects
@: no status effects
A: horns 2, retaliatory headbutt
a: Renounce Religion, Heroism


You were on level 8 of the Dungeon.
You worshipped Okawaru.
Okawaru was most pleased with you.
You visited 2 branches of the dungeon, and saw 9 of its levels.

You collected 395 gold pieces.

Inventory:

Hand Weapons
 a - a +4 scimitar (weapon)
 b - a +0 dagger of flaming
 c - a +2 scimitar of freezing
Missiles
 H - a throwing net (quivered)
Armour
 d - a +0 buckler (worn)
 u - a +0 pair of gloves (worn)
 v - a +0 chain mail
 z - a +0 cloak
 B - a +0 plate armour (worn)
Jewellery
 G - a ring of resist corrosion
Talismans
 A - a maw talisman
Wands
 r - a wand of mindburst (15)
 I - a wand of flame (26)
 J - a wand of acid (9)
Scrolls
 g - 3 scrolls of enchant weapon
 h - 6 scrolls of identify
 i - a scroll of vulnerability
 j - 2 scrolls of poison
 n - 2 scrolls of teleportation {unknown}
 q - 2 scrolls of immolation {unknown}
 s - a scroll of fog {unknown}
 t - a scroll of summoning {unknown}
 x - 3 scrolls of enchant armour
 y - a scroll of blinking {unknown}
 C - a scroll of silence
 D - a scroll of acquirement {unknown}
 F - a scroll of revelation {unknown}
Potions
 e - 2 potions of might
 f - a potion of invisibility
 k - 3 potions of enlightenment
 l - 2 potions of brilliance
 m - 2 potions of ambrosia
 o - 3 potions of heal wounds
 p - 3 potions of cancellation
 w - a potion of magic
 E - a potion of haste {unknown}
 K - a potion of lignification {unknown}


   Skills:
 + Level 8.7 Fighting
 + Level 11.4 Long Blades
 + Level 9.1 Armour
 + Level 3.1 Dodging
 + Level 1.6 Stealth
 + Level 6.7 Shields
 + Level 0.1 Invocations
 + Level 0.3 Evocations


You had 9 spell levels left.
You didn't know any spells.
Your spell library contained the following spells:

 Spells                   Type           Power      Damage    Failure   Level
 Apportation              Tloc           0%         N/A       100%        1
 Slow                     Hex            0%         N/A       100%        1
 Jinxbite                 Hex            0%         N/A       100%        2
 Static Discharge         Conj/Air       0%         3-3/arc   100%        2
 Confusing Touch          Hex            0%         N/A       100%        3
 Sigil of Binding         Hex            0%         N/A       100%        3
 Vampiric Draining        Necr           0%         2d6       100%        3
 Airstrike                Air            0%         2d(0-16)  100%        4
 Alistair's Intoxication  Alch           0%         N/A       100%        5
 Summon Lightning Spire   Summ/Air       Unusable   N/A       N/A         4

Dungeon Overview and Level Annotations

Branches:
Dungeon (8/15)             Temple (1/1) D:5
   Lair: D:8-11

Altars:
Ashenzari
Cheibriados
Dithmenos
Elyvilon
Fedhas
Gozag
Kikubaaqudgha
Makhleb
Nemelex Xobeh
Okawaru
Qazlal
Ru
Trog
Uskayaw
Vehumet
Yredelemnul
Zin
The Shining One

Shops:
D:6 :

Annotations:
D:3 3 runed translucent doors, Crazy Yiuf; Gemdid's ghost, weakling DrIE
D:5 2 transporters, riffraff's ghost, novice GnSh
D:6 Jeremiah


Innate Abilities, Weirdness & Mutations

You have a pair of horns on your head.
You reflexively headbutt those who attack you in melee.


Message History

You barely miss the death yak.
The death yak is lightly wounded.
The death yak closely misses you.
You hit the death yak. You headbutt the death yak.
The death yak is lightly wounded.
A lemure comes into view.
The death yak gores you but does no damage.
You hit the death yak but do no damage.
The death yak is lightly wounded.
You hit the death yak.
The death yak is lightly wounded.
The death yak barely misses you.
You hit the death yak but do no damage.
The death yak is lightly wounded.
The death yak gores you!
You slice the death yak!!
The death yak is moderately wounded.
You barely miss the death yak. You headbutt the death yak.
The death yak is moderately wounded.
The death yak gores you!!
You barely miss the death yak.
The death yak is moderately wounded.
The death yak gores you but does no damage.
You slash the death yak!
The death yak is heavily wounded.
The death yak gores you but does no damage.
You hit the death yak.
The death yak is heavily wounded.
You feel like a meek peon again.
You hit the death yak.
The death yak is heavily wounded.
The death yak gores you but does no damage.
You barely miss the death yak.
The death yak is heavily wounded.
The death yak gores you!!
* * * LOW HITPOINT WARNING * * *
You slash the death yak!
The death yak is severely wounded.
The death yak gores you!!
You die...

..#. ###### ....#
##....# ....# #.....##
....# #......## ....##
#.......## .....#
#........#
.....###........# .#.
..........#.....###.....
..#.............@YY5....
...###############5.....
...# ..... #..# ....
#.## ... #.# ## ..# ..#
..#


You could see 2 death yaks and 2 lemures.

Vanquished Creatures
  A death yak (D:8)
  A hornet (D:8)
  Prince Ribbit (D:5)
  Sigmund (D:6)
  Edmund (D:6)
  A water moccasin (D:5)
  A sky beast (D:5)
  3 ice beasts
  2 orc warriors (D:6)
  2 ogres
  2 black bears
  4 phantoms
  3 centaurs
  2 lemures (D:8)
  2 kobold brigands (D:7)
  A necrophage (D:4)
  A bullfrog (D:7)
  4 scorpions
  3 wights (D:8)
  A bombardier beetle (D:5)
  5 hounds
  2 jellies
  A gnoll bouda (D:7)
  2 orc priests (D:6)
  A hell rat (D:8)
  7 iguanas
  Terence (D:3)
  3 orc wizards
  A hound skeleton (D:4)
  8 gnolls
  3 adders
  2 shadow imps
  A white imp (D:7)
  3 ribbon worms
  A dart slug (D:1)
  11 orcs
  7 endoplasms
  4 giant cockroaches
  7 goblins
  9 hobgoblins
  4 jackals (D:1)
  3 quokkas
  7 ball pythons
  8 bats
  4 frilled lizards
  9 kobolds
  6 rats
157 creatures vanquished.

Notes
Turn   | Place    | Note
-------+----------+-------------------------------------------
     0 | D:1      | Peloso the Minotaur Fighter began the quest for the Orb.
     0 | D:1      | Reached XP level 1. HP: 19/19 MP: 0/0
   149 | D:1      | Reached XP level 2. HP: 6/27 MP: 1/1
   234 | D:1      | Found a faded altar of an unknown god.
   531 | D:1      | Reached XP level 3. HP: 33/33 MP: 2/2
   945 | D:2      | Reached skill level 3 in Long Blades
  1684 | D:3      | Found a snail-covered altar of Cheibriados.
  1748 | D:3      | Noticed a scorpion
  1757 | D:3      | Killed a scorpion
  1758 | D:3      | Reached skill level 4 in Long Blades
  1758 | D:3      | Reached XP level 4. HP: 25/41 MP: 3/3
  1865 | D:3      | Found a sacrificial altar of Ru.
  1978 | D:3      | Found a basalt altar of Yredelemnul.
  1997 | D:3      | Found a large runed translucent door.
  1997 | D:3      | Found a large runed translucent door.
  1999 | D:3      | Noticed Gemdid's ghost (weakling DrIE)
  2032 | D:3      | Noticed a scorpion
  2043 | D:3      | Killed a scorpion
  2044 | D:3      | Reached skill level 5 in Armour
  2044 | D:3      | Reached skill level 1 in Dodging
  2044 | D:3      | Reached XP level 5. HP: 18/47 MP: 4/4
  2355 | D:3      | Noticed Terence
  2363 | D:3      | Killed Terence
  2417 | D:3      | Found a runed translucent door.
  2418 | D:3      | Noticed Crazy Yiuf
  2502 | D:4      | Noticed a black bear
  2514 | D:4      | Killed a black bear
  2515 | D:4      | Reached skill level 5 in Long Blades
  2515 | D:4      | Reached XP level 6. HP: 53/53 MP: 5/5
  2711 | D:4      | Reached skill level 5 in Fighting
  2711 | D:4      | Reached skill level 6 in Long Blades
  2841 | D:4      | Noticed an ice beast
  2852 | D:4      | Killed an ice beast
  2853 | D:4      | Reached skill level 1 in Stealth
  2853 | D:4      | Reached XP level 7. HP: 43/61 MP: 6/6
  3119 | D:4      | Reached skill level 7 in Long Blades
  3246 | D:4      | Found a burning altar of Makhleb.
  3628 | D:5      | Entered Level 5 of the Dungeon
  3831 | D:5      | Reached skill level 8 in Long Blades
  3831 | D:5      | Reached XP level 8. HP: 69/70 MP: 7/7
  3842 | D:5      | Found a transporter.
  3843 | D:5      | Noticed riffraff's ghost (novice GnSh)
  3866 | D:5      | Reached skill level 5 in Shields
  4287 | D:5      | Found a transporter.
  4301 | D:5      | Found the +5 glaive of the Guard {elec, spectral}
  4327 | D:5      | Found an opulent altar of Gozag.
  4441 | D:5      | Found a staircase to the Ecumenical Temple.
  4453 | Temple   | Entered the Ecumenical Temple
  4459 | Temple   | Became a worshipper of Warmaster Okawaru
  4512 | D:5      | Noticed Prince Ribbit
  4535 | D:5      | Reached skill level 9 in Long Blades
  4559 | D:5      | Killed Prince Ribbit
  4559 | D:5      | Reached * piety under Okawaru
  4951 | D:6      | Noticed Jeremiah
  4951 | D:6      | Found a blossoming altar of Fedhas.
  5054 | D:6      | Reached XP level 9. HP: 79/79 MP: 8/8
  5074 | D:6      | Noticed Sigmund
  5094 | D:6      | Killed Sigmund
  5277 | D:6      | Reached ** piety under Okawaru
  5278 | D:6      | Reached skill level 10 in Long Blades
  5430 | D:6      | Noticed Edmund
  5442 | D:6      | Killed Edmund
  6197 | D:6      | Found Cik Emiq's Self-Improvement Boutique.
  6334 | D:7      | Found a white marble altar of Elyvilon.
  6662 | D:8      | Reached skill level 11 in Long Blades
  6682 | D:8      | HP: 2/74 [wight/+4 scimitar (4)]
  6837 | D:8      | Noticed a death yak
  6841 | D:8      | Noticed a death yak
  6845 | D:8      | Noticed a death yak
  6851 | D:8      | Killed a death yak
  6851 | D:8      | Reached *** piety under Okawaru
  6852 | D:8      | Reached XP level 10. HP: 65/90 MP: 7/9
  6879 | D:8      | Mangled by a death yak

Illustrated notes

Levels and vault maps discovered:
D:1:      minmay_arrival_nine_rooms, layout_rooms,
          hellmonk_ecumenical_altar_crossroads, serial_bayou_lagoon_a,
          minmay_misc_feat_encased, minmay_ruptured
D:2:      layout_loops_ring
D:3:      layout_rooms, nicolae_ru_awakened_eye, nicolae_overflow_hidden_temple,
          mainiacjoe_overflow_catwalk, ebering_ghost_disaster_area,
          minmay_crystal_room, uniq_terence, uniq_crazy_yiuf_cottage
D:4:      layout_loops_ring, makhleb_blood_cavern_becter, serial_forest,
          infiniplex_forest_lined_2, infiniplex_forest_end_2,
          infiniplex_forest_clump_large, infiniplex_forest_straight_2,
          infiniplex_forest_clump_long, infiniplex_forest_split,
          infiniplex_forest_end_1, grunt_tough_drop
D:5:      layout_basic, grunt_gozag_statues, minmay_temple_entry_glassed_door,
          gammafunk_ghost_mausoleum, kennysheep_boxes, uniq_prince_ribbit1
D:6:      layout_gridville, fedhas_altar_1, nicolae_shop_self_help,
          uniq_sigmund, uniq_edmund, uniq_jeremiah
D:7:      layout_rooms, mainiacjoe_overflow_alcove_1, blue_anna_alchemist,
          minivault_24
D:8:      layout_cave_pods, mainiacjoe_overflow_divided_tiny,
          dpeg_lair_monsters, serial_shops, nicolae_shop_advertising_works
          [nicolae_subvault_shop_adworks], uniq_pikel
Temple:   chequers_temple_sunken

Skill      XL: |  1  2  3  4  5  6  7  8  9 |
---------------+----------------------------+-----
Armour         | 4 5 6 7 9 |  9.1
Fighting       | 4 5 7 8 |  8.7
Long Blades    | 4 5 6 8 9 11 | 11.4
Shields        | 4 5 6 |  6.7
Dodging        | 1 2 3 |  3.1
Stealth        | 1 |  1.6
Invocations    | |  0.1
Evocations     | |  0.3

Action                     |  1- 3 |  4- 6 |  7- 9 | 10-12 || total
---------------------------+-------+-------+-------+-------++-------
  Melee: Long sword        |   108 |    80 |   346 |       ||   534
         Headbutt          |     9 |    13 |    61 |     6 ||    89
         Scimitar          |       |       |    11 |    27 ||    38
 Invoke: Heroism           |       |       |     2 |     1 ||     3
  Evoke: Wand              |       |       |     3 |       ||     3
    Use: Scroll            |     8 |     1 |     1 |       ||    10
         Potion            |     3 |       |     3 |       ||     6
 Armour: Scale mail        |    98 |    34 |       |       ||   132
         Chain mail        |       |    42 |    31 |       ||    73
         Plate armour      |       |       |   278 |    15 ||   293
  Dodge: Dodged            |    92 |    31 |   103 |     4 ||   230
  Block: Buckler           |    39 |    20 |    97 |     1 ||   157
